 Dungeon Crawl Stone Soup version 0.29.0-13-gc9e81de378 (webtiles) character file.

Game seed: 3500923378447784218

105 smilodon the Trooper (level 4, -1/36 HPs)
             Began as a Demonspawn Fighter on Sept 8, 2022.
             Killed from afar by Robin (10 damage)
             ... with a puff of flame
             ... on level 2 of the Dungeon.
             The game lasted 00:04:41 (2532 turns).

smilodon the Trooper (Demonspawn Fighter)           Turns: 2532, Time: 00:04:41

Health: -1/36      AC: 10    Str: 18    XL:     4   Next: 54%
Magic:  4/4        EV:  9    Int: 10    God:
Gold:   91         SH:  5    Dex: 12    Spells: 2/3 levels left

rFire   . . .      SeeInvis .   a - +0 trident
rCold   . . .      Faith    .   c - +1 buckler
rNeg    . . .      Spirit   .   b - +0 scale mail
rPois   .          Reflect  .   (no helmet)
rElec   .          Harm     .   (no cloak)
rCorr   .          Rampage  .   (no gloves)
Will    .....                   (no boots)
Stlth   ..........              (no amulet)
HPRegen 0.12/turn               g - ring of wizardry
MPRegen 0.09/turn               e - +4 ring of protection

@: mighty
A: foul stench 1, powered by pain 1
a: no special abilities


You were on level 2 of the Dungeon.
You visited 1 branch of the dungeon, and saw 3 of its levels.

You collected 91 gold pieces.

Inventory:

Hand Weapons
 a - a +0 trident (weapon)
Armour
 b - a +0 scale mail (worn)
 c - a +1 buckler (worn)
Jewellery
 e - a +4 ring of protection (right hand)
 g - a ring of wizardry (left hand)
 m - a ring of flight
Scrolls
 h - a scroll of immolation
 j - a scroll of summoning
 k - a scroll of teleportation
 l - a scroll of amnesia
Potions
 d - a potion of might
 f - a potion of berserk rage {unknown}
 s - a potion of invisibility


   Skills:
 + Level 3.6 Fighting
 + Level 2.5 Polearms
 + Level 3.2 Armour
 + Level 3.2 Shields
 + Level 0.3 Spellcasting
 + Level 0.5 Conjurations
 + Level 0.6 Fire Magic


You had 2 spell levels left.
You knew the following spells:

 Your Spells              Type           Power      Damage    Failure   Level
a - Foxfire               Conj/Fire      4%         2x1d4     43%         1

Your spell library contained the following spells:

 Spells                   Type           Power      Damage    Failure   Level
 Static Discharge         Conj/Air       0%         3-3/arc   58%         2
 Conjure Flame            Conj/Fire      1%         6-21      78%         3
 Inner Flame              Hex/Fire       0%         N/A       82%         3
 Flame Wave               Conj/Fire      1%         2d4       99%         4
 Lightning Bolt           Conj/Air       0%         1d11      100%        5
 Maxwell's Capacitive Co  Air            0%         ∞         100%        8


Dungeon Overview and Level Annotations

Branches:
Dungeon (3/15)

Altars:

Annotations:
D:2 Robin


Innate Abilities, Weirdness & Mutations

You may rarely emit foul miasma when damaged in melee.
You sometimes gain a little power by taking damage.


Message History

You closely miss the goblin.
The goblin hits you but does no damage. x2
You barely miss the goblin. The goblin hits you but does no damage.
You barely miss the goblin. The goblin barely misses you.
You puncture the goblin!
You kill the goblin!
No target in view!
You climb downwards.
Level annotation: Robin Robin zaps a wand.
The puff of flame hits you.
There is a stone staircase leading up here.
Robin hits you but does no damage.
You climb upwards.
There is a stone staircase leading down here.
You barely miss Robin. Robin hits you with a +0 falchion.
You hit Robin but do no damage. Robin hits you but does no damage.
You barely miss Robin.
Robin zaps a wand.
The puff of flame hits you! Robin barely misses you.
You barely miss Robin. Robin completely misses you.
You hit Robin.
Robin is lightly wounded.
Robin zaps a wand.
The puff of flame hits you but does no damage.
You barely miss Robin.
Robin is lightly wounded.
Robin barely misses you.
You completely miss Robin.
Robin is lightly wounded.
Robin zaps a wand.
The puff of flame hits you.
You hit Robin.
Robin is heavily wounded.
Robin zaps a wand.
The puff of flame hits you but does no damage.
You barely miss Robin.
Robin is heavily wounded.
Robin zaps a wand.
The puff of flame hits you!
* * * LOW HITPOINT WARNING * * *
Okay, then.
You feel very mighty all of a sudden.
Robin zaps a wand.
The puff of flame hits you!
You die...

##.................##+#......
#########.########.....##.#######
#....# #..............+....#####
#....# #..#######.....##.#......
#....# ##..##.....#........#####
#....# #..##.######.....#.#
#(...# #......####..#####.#
#....#####..##.g.)....# #.#
.........#..)..#@)..#.# #.#
#....###....#)...##)#.# #.#
#....##....###...##.#.# #.#
######..##.#.#...##.#.# #.# ###
#.##........##.#.#####.# ..#
#..##..^##..##.........##### #.#
##.......##.##.............. #.#
##.#.#.##..##.........##### #.#
#.###....###.........##...


You could see Robin.

Vanquished Creatures
  A gnoll (D:2)
  4 adders (D:2)
  A white imp (D:3)
  3 orcs
  2 ball pythons
  4 bats
  5 endoplasms
  2 giant cockroaches (D:1)
  9 goblins
  5 hobgoblins
  A jackal (D:2)
  3 kobolds
  2 quokkas
  2 frilled lizards (D:1)
  A rat (D:2)
45 creatures vanquished.

Vanquished Creatures (others)
  2 foxfires (D:2)
2 creatures vanquished.

Grand Total: 47 creatures vanquished

Notes
Turn   | Place    | Note
-------+----------+-------------------------------------------
     0 | D:1      | smilodon the Demonspawn Fighter began the quest for the
                  | Orb.
     0 | D:1      | Reached XP level 1. HP: 18/18 MP: 1/1
    29 | D:1      | Noticed an eye of devastation
    31 | D:1      | Found a faded altar of an unknown god.
    33 | D:1      | Noticed a golden eye
    33 | D:1      | Noticed a great orb of eyes
    33 | D:1      | Noticed a floating eye
   129 | D:1      | Gained mutation: You may rarely emit foul miasma when
                  | damaged in melee. [demonic ancestry]
   129 | D:1      | Reached XP level 2. HP: 24/24 MP: 2/2
   844 | D:2      | Reached XP level 3. HP: 17/29 MP: 3/3
  1185 | D:2      | Learned a level 1 spell: Foxfire
  1320 | D:2      | HP: 1/29 [poisoned by an adder]
  1760 | D:2      | Gained mutation: You sometimes gain a little power by
                  | taking damage. [demonic ancestry]
  1760 | D:2      | Reached XP level 4. HP: 35/35 MP: 4/4
  2475 | D:3      | Noticed Robin
  2532 | D:2      | Killed from afar by Robin

Illustrated notes

Levels and vault maps discovered:
D:1:      pf_arrival_petrified_forest, layout_rooms,
          hellmonk_ecumenical_altar_watching_god
D:2:      layout_basic, minmay_hexomino_u4
D:3:      layout_loops_ring, uniq_robin

Skill      XL: |  1  2 |
---------------+-------+-----
Polearms       | 2 |  2.5
Armour         | 3 |  3.2
Shields        | 3 |  3.2
Fighting       | |  3.6
Spellcasting   | |  0.3
Conjurations   | |  0.5
Fire Magic     | |  0.6

Action                   |  1- 3 |  4- 6 || total
-------------------------+-------+-------++-------
Melee: Trident           |    99 |    51 ||   150
 Cast: Foxfire           |     1 |     2 ||     3
  Use: Potion            |     1 |     5 ||     6
       Scroll            |       |     8 ||     8
Armor: Scale mail        |    36 |    24 ||    60
Dodge: Dodged            |    26 |    32 ||    58
Block: Buckler           |    21 |    13 ||    34
